 Dungeon Crawl Stone Soup version 0.21.1-68-g103a7af (webtiles) character file.

1408 Mechabyte the Digger (level 8, -2/46 HPs)
             Began as a Gargoyle Earth Elementalist on Aug 1, 2018.
             Was a Believer of Makhleb.
             Slain by an orc warrior
             ... wielding a +0 mace
              (13 damage)
             ... on level 5 of the Dungeon.
             The game lasted 01:08:34 (7170 turns).

Mechabyte the Digger (Gargoyle Earth Elementalist)  Turns: 7170, Time: 01:08:35

Health: -2/46      AC: 18    Str: 13    XL:     8   Next: 70%
Magic:  0/15       EV: 10    Int: 17    God:    Makhleb [**....]
Gold:   203        SH:  0    Dex: 10    Spells: 6/16 levels left

rFire    . . .     SeeInvis .   k - +1 falchion
rCold    . . .     Gourm    .   (no shield)
rNeg     + . .     Faith    .   t - +4 scale mail "Finieth" {Regen+}
rPois    ∞         Spirit   +   d - +0 helmet
rElec    +         Reflect  .   a - scarf {Spirit}
rCorr    .         Harm     .   n - +0 pair of gloves
MR       .....                  (no boots)
Stlth    ++........             (no amulet)
HPRegen  0.55/turn              o - ring of stealth
MPRegen  0.14/turn              (no ring)

@: no status effects
A: negative energy resistance 1, electricity resistance, unbreathing,
petrification resistance, rot immunity, AC +5
a: Minor Destruction, Renounce Religion


You were on level 5 of the Dungeon.
You worshipped Makhleb.
Makhleb was pleased with you.
You were not hungry.

You visited 2 branches of the dungeon, and saw 7 of its levels.

You collected 419 gold pieces.
You spent 216 gold pieces at shops.

Inventory:

Hand Weapons
 k - a +1 falchion (weapon)
 s - a +0 rapier
 w - a +0 dagger of flaming
 A - a +0 blowgun
 E - a cursed -3 flail
 F - a +0 hand axe of venom
 I - a +0 morningstar
Missiles
 b - 133 stones (quivered)
 j - 2 curare-tipped needles
 l - 50 arrows
 y - 8 tomahawks
Armour
 a - a scarf of spirit shield (worn)
 d - a +0 helmet (worn)
 g - a +0 ring mail
 i - a +0 scale mail
 n - a +0 pair of gloves (worn)
 r - a +0 chain mail
 t - the +4 scale mail "Finieth" (worn) {Regen+}
   (You bought it in a shop on level 5 of the Dungeon)

   It increases your rate of regeneration.
 v - a +0 naga barding
 x - a +0 helmet
Jewellery
 o - a ring of stealth (left hand)
 H - an uncursed ring of protection from cold
Wands
 q - a wand of iceblast (4)
 u - a wand of random effects (52)
Scrolls
 c - 2 scrolls of teleportation
 D - a scroll of immolation
 G - 2 scrolls of random uselessness
Potions
 f - a potion of resistance
 h - 2 potions of curing
 p - a potion of heal wounds
 B - a potion of degeneration {unknown}
 C - 2 potions of invisibility {unknown}
Books
 e - a book of Geomancy

   Spells                             Type                      Level
   a - Sandblast                      Earth                        1
   b - Passwall                       Transmutation/Earth          2
   c - Stone Arrow                    Conjuration/Earth            3
   d - Petrify                        Transmutation/Earth          4
   e - Lee's Rapid Deconstruction     Earth                        5
Comestibles
 z - 3 rations


   Skills:
 + Level 3.4 Fighting
 + Level 0.3(2.4) Short Blades
 + Level 3.9(4.0) Long Blades
 + Level 0.1 Throwing
 + Level 3.7 Armour
 + Level 2.9 Dodging
 + Level 3.1 Stealth
 + Level 0.2 Unarmed Combat
 + Level 4.7 Spellcasting
 + Level 0.7 Transmutations
 + Level 6.9 Earth Magic


You had 6 spell levels left.
You knew the following spells:

 Your Spells              Type           Power        Failure   Level  Hunger
a - Sandblast             Erth           ####..       3%          1    None
b - Passwall              Tmut/Erth      ###.......   21%         2    #......
c - Stone Arrow           Conj/Erth      ###...       41%         3    ###....
d - Petrify               Tmut/Erth      ###.....     78%         4    ####...


Dungeon Overview and Level Annotations

Branches:
Dungeon (6/15)             Temple (1/1) D:4

Altars:
Ashenzari
Cheibriados
Dithmenos
Fedhas
Gozag
Kikubaaqudgha
Makhleb
Nemelex Xobeh
Okawaru
Ru
Trog
Vehumet
Wu Jian
Xom
The Shining One

Shops:
D:5 [


Innate Abilities, Weirdness & Mutations

You are resistant to torment.
Your stone body is resilient. (AC +5)
You are immune to poison.
You resist negative energy. (rN+)
You are resistant to electric shocks. (rElec)
You can survive without breathing.
You are immune to petrification.
You are immune to rotting.


Message History

The ice beast hits you but does no damage.
You slash the orc warrior!
The orc warrior is heavily wounded.
The ice beast hits you but does no damage.
The orc warrior hits you with a mace.
* * * LOW HITPOINT WARNING * * *
The ice beast barely misses you.
You hit the orc warrior.
The orc warrior is heavily wounded.
The orc warrior hits you with a mace.
* * * LOW HITPOINT WARNING * * *
The ice beast hits you but does no damage.
Your scale mail "Finieth" prevents you from hitting the orc warrior.
The orc warrior is heavily wounded.
The orc warrior hits you but does no damage.
The ice beast hits you but does no damage.
You closely miss the orc warrior.
The orc warrior is heavily wounded.
The orc warrior hits you with a mace!
You die...

#.##.##.####.#.#####.##.#
#.##.........#.......##.#
#.########.############.# #.#
#.# #..... #.# #.# #.##.#
#####.# ##'## #.##.# #.....#
##...## #.##.# #.#####
##.....## #.##.. #.##.##
##o@.....## ##.###.
#.#...####.Y.......####......
#........'.........'.........
###.#...####.........####......
#......## ##.......## ##.##.#
#.....## ##.....## ####.#
#.....# ##...## #.# #.....#
##+## #.# #.....# #.# #.#


You could see an orc warrior and an ice beast.

Vanquished Creatures
  The ghost of kyoneko the Shooter, an amateur CeAM of Sif Muna (D:3)
  2 phantoms
  3 bullfrogs
  A scorpion (D:6)
  2 howler monkeys (D:5)
  3 crimson imps
  A quasit (D:6)
  2 hounds
  6 orc wizards
  3 orc priests
  3 iguanas
  2 worker ants
  A howler monkey zombie (D:5)
  A worker ant zombie (D:6)
  Robin (D:2)
  3 gnolls (D:3)
  4 adders
  An ooze (D:2)
  2 worms (D:2)
  A dart slug (D:1)
  7 leopard geckos
  8 orcs
  7 giant cockroaches
  15 goblins
  9 hobgoblins
  7 jackals
  2 ball pythons
  5 bats
  6 frilled lizards
  11 kobolds
  5 rats
125 creatures vanquished.

Notes
Turn   | Place    | Note
-------+----------+-------------------------------------------
     0 | D:1      | Mechabyte the Gargoyle Earth Elementalist began the quest for the Orb.
     0 | D:1      | Reached XP level 1. HP: 10/10 MP: 3/3
   118 | D:2      | Reached skill level 4 in Earth Magic
   118 | D:2      | Reached XP level 2. HP: 8/15 MP: 1/5
   821 | D:2      | Reached XP level 3. HP: 19/19 MP: 3/6
   891 | D:2      | Reached skill level 1 in Armour
  1195 | D:2      | Found a burning altar of Makhleb.
  1212 | D:2      | Learned a level 2 spell: Passwall
  1216 | D:2      | Learned a level 3 spell: Stone Arrow
  1253 | D:2      | Became a worshipper of Makhleb the Destroyer
  1496 | D:1      | Reached XP level 4. HP: 23/24 MP: 7/7
  3217 | D:2      | Noticed Robin
  3241 | D:2      | Killed Robin
  3241 | D:2      | Reached * piety under Makhleb
  3241 | D:2      | Reached skill level 5 in Earth Magic
  3410 | D:2      | Reached XP level 5. HP: 28/28 MP: 5/8
  3765 | D:3      | Reached skill level 1 in Long Blades
  4006 | D:3      | Noticed kyoneko's ghost (amateur CeAM)
  4054 | D:3      | Killed kyoneko's ghost
  4054 | D:3      | Reached skill level 1 in Fighting
  4054 | D:3      | Reached XP level 6. HP: 4/34 MP: 4/10
  4473 | D:4      | Found a blossoming altar of Fedhas.
  4476 | D:4      | Found an ancient bone altar of Kikubaaqudgha.
  4486 | D:4      | Learned a level 4 spell: Petrify
  4597 | D:4      | Reached XP level 7. HP: 38/40 MP: 9/11
  4616 | D:4      | Found a sparkling altar of Nemelex Xobeh.
  4634 | D:4      | Found a staircase to the Ecumenical Temple.
  4645 | Temple   | Entered the Ecumenical Temple
  5628 | D:5      | Entered Level 5 of the Dungeon
  5664 | D:5      | Found Uniblaem's Antique Armour Emporium.
  5687 | D:5      | Bought a jewelled scale mail for 216 gold pieces
  5697 | D:5      | Identified the +4 scale mail "Finieth" {Regen+} (You bought it in a shop on level 5 of the Dungeon)
  5736 | D:5      | Found a bloodstained altar of Trog.
  5749 | D:5      | Reached skill level 6 in Earth Magic
  6811 | D:6      | Reached ** piety under Makhleb
  6811 | D:6      | Reached XP level 8. HP: 46/46 MP: 10/13
  7170 | D:5      | Slain by an orc warrior

Skill      XL: |  1  2  3  4  5  6  7  8 |
---------------+-------------------------+-----
Earth Magic    | 4 5 6 |  6.9
Armour         | 1 2 3 |  3.7
Long Blades    | 1 2 3 |  3.9
Fighting       | 1 2 3 |  3.4
Dodging        | 2 |  2.9
Spellcasting   | 3 4 |  4.7
Stealth        | 3 |  3.1
Short Blades   | |  0.3
Throwing       | |  0.1
Unarmed Combat | |  0.2
Transmutations | |  0.7

Action                   |  1- 3 |  4- 6 |  7- 9 || total
-------------------------+-------+-------+-------++-------
Melee: Unarmed           |    19 |       |       ||    19
       Short sword       |    52 |       |       ||    52
       Falchion          |     6 |   211 |   231 ||   448
Throw: Stone             |     2 |     5 |     2 ||     9
 Cast: Sandblast         |    24 |    40 |    46 ||   110
       Passwall          |     3 |     1 |       ||     4
Evoke: Wand              |       |     1 |       ||     1
  Use: Scroll            |     4 |     7 |     4 ||    15
       Potion            |       |     5 |     2 ||     7
 Stab: Sleeping          |       |     2 |       ||     2
  Eat: Ration            |     1 |     1 |     3 ||     5
       Chunk             |       |     6 |       ||     6
Armor: Robe              |    11 |       |       ||    11
       Ring mail         |    48 |    20 |       ||    68
       Scale mail        |       |   136 |   226 ||   362
Dodge: Dodged            |    76 |   120 |   183 ||   379
       Rpst.: Falchion   |       |    30 |    48 ||    78
